 Dungeon Crawl Stone Soup version 0.24.0-28-g17ded55e90 (webtiles) character file.

Game seed: 10939006335339933224, levelgen mode: deterministic

32 CriminalDruid the Sneak (level 3, 0/25 HPs)
             Began as an Octopode Assassin on Nov 13, 2019.
             Slain by a goblin
             ... wielding a +0 dagger
             ... led by Robin
              (4 damage)
             ... on level 2 of the Dungeon.
             The game lasted 00:12:23 (922 turns).

CriminalDruid the Sneak (Octopode Assassin)          Turns: 922, Time: 00:12:24

Health: 0/25       AC:  1    Str: 10    XL:     3   Next: 25%
Magic:  3/3        EV: 13    Int: 13    God:
Gold:   8          SH:  0    Dex: 14    Spells: 2/2 levels left

rFire    . . .     SeeInvis .   a - +2 dagger
rCold    + . .     Gourm    .   (no shield)
rNeg     . . .     Faith    .   (helmet restricted)
rPois    .         Spirit   .   (no amulet)
rElec    .         Reflect  .   g - ring of protection from cold
rCorr    .         Harm     .   (no ring)
MR       .....                  (no ring)
Stlth    ++++......             (no ring)
HPRegen  0.08/turn              (no ring)
MPRegen  0.08/turn              (no ring)
                                (no ring)
                                (no ring)

@: no status effects
A: almost no armour, stealthy swim, amphibious, 8 rings, constrict 8, camouflage
1, gelatinous body 1
a: no special abilities


You were on level 2 of the Dungeon.
You were not hungry.

You visited 1 branch of the dungeon, and saw 2 of its levels.

You collected 8 gold pieces.

Inventory:

Hand Weapons
 a - a +2 dagger (weapon)
Missiles
 b - 8 poisoned darts (quivered)
 c - 2 curare-tipped darts
Jewellery
 g - a ring of protection from cold (left tentacle)
Potions
 e - a potion of curing {unknown}
Comestibles
 d - 4 rations


   Skills:
 + Level 2.4 Fighting
 + Level 2.4 Short Blades
 - Level 2.0 Throwing
 - Level 1.0 Dodging
 * Level 6.2 Stealth


You had 2 spell levels left.
You didn't know any spells.
Your spell library was empty.

Dungeon Overview and Level Annotations

Branches:
Dungeon (2/15)

Altars:

Annotations:
D:2 Robin


Innate Abilities, Weirdness & Mutations

You cannot wear most types of armour.
You are very stealthy in the water. (Stealth+)
You are amphibious.
You can wear up to eight rings at the same time.
You can use your tentacles to constrict eight enemies at once.
Your skin changes colour to match your surroundings (Stealth+).
Your rubbery body absorbs attacks. (AC +1, EV +1)


Message History

The goblin is severely wounded.
The goblin hits you with a cursed -1 club.
* * * LOW HITPOINT WARNING * * *
You hit the goblin.
You kill the goblin!
You closely miss the goblin. You grab the goblin. You constrict the goblin.
The goblin struggles to escape constriction.
You hit the goblin.
You kill the goblin!
You hit the goblin.
You kill the goblin!
You hit the goblin. Your grab misses the goblin.
The goblin is severely wounded.
You hit the goblin.
You kill the goblin!
The goblin hits you with a +0 club.
* * * LOW HITPOINT WARNING * * *
A goblin comes into view.
The goblin hits you with a +0 dagger.
You die...

......# .......#
.....####.....##
......#.......###
...#...g........
#.####gg<....#
####.#g.gg(g....#
#...K.(####g..#.#
#..##g### ..#.#
.# #(@# .##.#
##g# .. .# #g..
## # ##.g# ..#
.## .. #.


You could see a hobgoblin, 3 goblins and a kobold.

Vanquished Creatures
  9 goblins
  8 hobgoblins (D:1)
  A ball python (D:1)
  2 bats (D:1)
  A frilled lizard (D:1)
  3 kobolds (D:1)
  4 rats (D:1)
28 creatures vanquished.

Notes
Turn   | Place    | Note
-------+----------+-------------------------------------------
     0 | D:1      | CriminalDruid the Octopode Assassin began the quest for the
                  | Orb.
     0 | D:1      | Reached XP level 1. HP: 14/14 MP: 1/1
   204 | D:1      | Reached XP level 2. HP: 13/19 MP: 2/2
   576 | D:1      | Reached skill level 6 in Stealth
   591 | D:1      | Reached XP level 3. HP: 9/25 MP: 3/3
   906 | D:2      | Noticed Robin
   922 | D:2      | Slain by a goblin

Levels and vault maps discovered:
D:1:      nicolae_arrival_memento_mori, layout_loops_ring,
          minmay_indecisive_spiral
D:2:      layout_rooms, minmay_cupped, uniq_terence, uniq_robin

Skill      XL: |  1  2 |
---------------+-------+-----
Stealth        | 6 |  6.2
Fighting       | |  2.4
Short Blades   | |  2.4
Throwing       | |  2.0
Dodging        | |  1.0

Action                   || total
-------------------------++-------
Melee: Dagger            ||    51
       Constrict         ||    12
       Tentacles         ||     7
 Stab: Sleeping          ||     8
Armor: Skin              ||     4
Dodge: Dodged            ||    21
